 Dungeon Crawl Stone Soup version 0.24.0-10-g970556be89 (webtiles) character file.

Game seed: 7331335368069279409, levelgen mode: deterministic

17432 Lanoc the Archer (level 12, -3/66 HPs)
             Began as an Octopode Earth Elementalist on Nov 3, 2019.
             Was a High Priest of Okawaru.
             Slain by a freezing wraith (9 damage)
             ... on level 13 of the Dungeon.
             The game lasted 00:26:18 (11321 turns).

Lanoc the Archer (Octopode Earth Elementalist)     Turns: 11321, Time: 00:26:18

Health: -3/66      AC:  7    Str:  8    XL:     12   Next: 47%
Magic:  15/15      EV: 26    Int: 20    God:    Okawaru [*****.]
Gold:   847        SH:  0    Dex: 14    Spells: 7/15 levels left

rFire    x . .     SeeInvis .   r - +8 shortbow of the Asp {speed, Fragile rElec rF- MR+++}
rCold    . . .     Gourm    .   (shield currently unavailable)
rNeg     + + .     Faith    .   f - +2 hat {MR+}
rPois    .         Spirit   .   F - amulet of regeneration
rElec    +         Reflect  .   a - ring of flight
rCorr    +         Harm     .   u - +4 ring of protection
MR       ++++.                  D - ring of positive energy
Stlth    +++.......             g - +5 ring of evasion
HPRegen  0.61/turn              G - ring of resist corrosion
MPRegen  0.14/turn              M - ring of positive energy
                                (no ring)
                                (no ring)

@: no status effects
A: almost no armour, stealthy swim, amphibious, 8 rings, constrict 8, camouflage
1, gelatinous body 1
a: Heroism, Finesse, Renounce Religion, Evoke Flight


You were on level 13 of the Dungeon.
You worshipped Okawaru.
Okawaru was extremely pleased with you.
You were hungry.

You visited 2 branches of the dungeon, and saw 14 of its levels.

You collected 847 gold pieces.

Inventory:

Hand Weapons
 i - a +1 dagger of freezing
 r - the +8 shortbow of the Asp (weapon) {speed, Fragile rElec rF- MR+++}
   (You found it on level 4 of the Dungeon)

   Attacks with this weapon are significantly faster.
   It makes you vulnerable to fire.
   It insulates you from electricity.
   It affects your resistance to hostile enchantments.
   It will be destroyed if unequipped.
Missiles
 b - 377 stones
 q - 89 arrows (quivered)
Armour
 f - a +2 hat of magic resistance (worn)
Jewellery
 a - a ring of flight (left tentacle)
 g - a +5 ring of evasion (on tentacle)
 u - a +4 ring of protection (right tentacle)
 D - a ring of positive energy (on tentacle)
 F - an amulet of regeneration (around mantle)
 G - a ring of resist corrosion (on tentacle)
 M - a ring of positive energy (on tentacle)
Wands
 x - a wand of random effects (25)
 B - a wand of digging (6)
 I - a wand of flame (41)
Scrolls
 e - a scroll of teleportation
 j - a scroll of immolation
 k - 9 scrolls of remove curse
 l - 2 scrolls of enchant armour
 n - 4 scrolls of magic mapping {unknown}
 o - a scroll of fog {unknown}
 s - 4 scrolls of amnesia
 y - 2 scrolls of noise {unknown}
 C - a scroll of enchant weapon
 E - a scroll of blinking
 L - 3 scrolls of identify
Potions
 d - a potion of ambrosia
 h - 3 potions of curing
 m - 3 potions of agility
 p - a potion of berserk rage
 t - a potion of haste
 v - a potion of lignification
 w - a potion of magic
 z - a potion of mutation
 A - 2 potions of brilliance
 J - 2 potions of flight
Comestibles
 c - 26 rations


   Skills:
 - Level 14.0 Bows
 + Level 12.7 Dodging
 - Level 2.6 Stealth
 - Level 2.0 Spellcasting
 - Level 1.0 Transmutations
 - Level 6.3 Earth Magic


You had 7 spell levels left.
You knew the following spells:

 Your Spells              Type           Power        Failure   Level  Hunger
a - Sandblast             Erth           ####..       1%          1    #......
b - Passwall              Tmut/Erth      ###.....     5%          2    ##.....
c - Petrify               Tmut/Erth      ###.....     34%         4    #####..
d - Apportation           Tloc           #.....       16%         1    #......

Your spell library contained the following spells:

 Spells                   Type           Power        Failure   Level  Hunger
 Beastly Appendage        Tmut           #.....       11%         1    #......
 Stone Arrow              Conj/Erth      ##....       13%         3    ###....
 Animate Skeleton         Necr           N/A          16%         1    #......
 Confusing Touch          Hex            #.....       16%         1    #......
 Corona                   Hex            #......      16%         1    #......
 Magic Dart               Conj           #...         16%         1    #......
 Summon Small Mammal      Summ           #...         16%         1    #......
 Sticks to Snakes         Tmut           #.......     16%         2    ##.....
 Blink                    Tloc           N/A          24%         2    ##.....
 Call Imp                 Summ           #.......     24%         2    ##.....
 Ensorcelled Hibernation  Hex/Ice        #.....       24%         2    ##.....
 Searing Ray              Conj           #.....       24%         2    ##.....
 Slow                     Hex            #.......     24%         2    ##.....
 Lee's Rapid Deconstruct  Erth           ####......   32%         5    ######.
 Spider Form              Tmut/Pois      #.........   36%         3    ###....
 Leda's Liquefaction      Hex/Erth       ##........   41%         4    #####..
 Confuse                  Hex            #.......     43%         3    ###....
 Conjure Flame            Conj/Fire      #.......     43%         3    ###....
 Dazzling Spray           Conj/Hex       #.....       43%         3    ###....
 Inner Flame              Hex/Fire       #.......     43%         3    ###....
 Mephitic Cloud           Conj/Pois/Air  #.......     43%         3    ###....
 Portal Projectile        Hex/Tloc       #.....       43%         3    ###....
 Tukima's Dance           Hex            #.......     43%         3    ###....
 Ice Form                 Ice/Tmut       #.......     77%         4    #####..
 Cause Fear               Hex            #.........   83%         4    #####..
 Force Lance              Conj/Tloc      #.......     83%         4    #####..
 Fulminant Prism          Conj/Hex       #.........   83%         4    #####..
 Iskenderun's Mystic Bla  Conj           #.......     83%         4    #####..
 Blade Hands              Tmut           #.........   96%         5    ######.


Dungeon Overview and Level Annotations

Branches:
Dungeon (13/15)            Temple (1/1) D:7            Lair (0/6) D:10
    Orc (0/2) D:9
 Vaults: D:13-14

Altars:
Ashenzari
Cheibriados
Dithmenos
Elyvilon
Fedhas
Gozag
Hepliaklqana
Kikubaaqudgha
Makhleb
Nemelex Xobeh
Okawaru
Qazlal
Ru
Sif Muna
Trog
Uskayaw
Vehumet
Wu Jian
Xom
Yredelemnul
Zin
The Shining One
Beogh

Annotations:
D:13 1 runed translucent door, Lanoc's ghost, journeyman NaBe


Innate Abilities, Weirdness & Mutations

You cannot wear most types of armour.
You are very stealthy in the water. (Stealth+)
You are amphibious.
You can wear up to eight rings at the same time.
You can use your tentacles to constrict eight enemies at once.
Your skin changes colour to match your surroundings (Stealth+).
Your rubbery body absorbs attacks. (AC +1, EV +1)


Message History

You shoot an arrow. The arrow hits the freezing wraith!
The freezing wraith is almost destroyed.
The freezing wraith hits you! The freezing wraith freezes you!
The freezing wraith misses you.
You are too injured to fight recklessly!
Firing (i - inventory. (/) - cycle)
q - 91 arrows (quivered)
Press: ? - help, Shift-Dir - straight line, f/p - freezing wraith
Aim: a freezing wraith (almost destroyed)
You shoot an arrow.
The arrow hits the freezing wraith but does no damage.
The freezing wraith is almost destroyed.
Firing (i - inventory. (/) - cycle)
q - 90 arrows (quivered)
Press: ? - help, Shift-Dir - straight line, f/p - freezing wraith
Aim: a freezing wraith (almost destroyed)
You shoot an arrow. The arrow hits the freezing wraith.
The freezing wraith is almost destroyed.
The freezing wraith hits you. The freezing wraith freezes you!
* * * LOW HITPOINT WARNING * * *
The freezing wraith hits you!
You die...

...........#########
...........'.#.#....
...........#...#.###
...........###......
...........# #######
..........# #
#+########## ## #(W.#
##. ######@######## #..
#.............# ###'#
#...<.........# #...[
#.............#####....
#................##....
#.............##..'...<
#>............#####....
#....)........# #....
##.######..#### ####'


You could see a freezing wraith.

Vanquished Creatures
  Gastronok (D:8)
  Frances (D:13)
  A hydra (D:11)
  2 two-headed ogres (D:11)
  An orc knight (D:13)
  An ugly thing (D:11)
  A cyclops (D:11)
  3 centaur skeletons
  2 trolls
  3 hippogriffs
  2 dream sheep (D:11)
  A wyvern (D:8)
  A wraith (D:12)
  A basilisk (D:12)
  16 yaks
  3 hungry ghosts
  Menkaure (D:4)
  3 ice beasts
  A hornet zombie (D:9)
  17 orc warriors
  3 sky beasts
  A black bear (D:8)
  An eye of draining (D:8)
  2 phantoms
  2 centaurs
  4 ogres
  5 big kobolds
  4 bullfrogs
  A gnoll sergeant (D:8)
  2 scorpions
  5 wights (D:7)
  An electric eel (D:11)
  2 centaur zombies
  A bullfrog zombie (D:8)
  4 crimson imps
  A quasit (D:11)
  6 hounds
  3 jellies
  10 orc priests
  9 orc wizards
  2 bullfrog skeletons
  3 iguanas
  5 worker ants
  A killer bee zombie (D:9)
  A hound zombie (D:9)
  A hound skeleton (D:10)
  A worker ant zombie (D:6)
  21 gnolls
  8 adders
  A howler monkey skeleton (D:4)
  3 shadow imps
  3 oozes
  2 adder zombies
  An adder skeleton (D:7)
  5 worms
  3 dart slugs
  3 leopard geckos
  52 orcs
  7 giant cockroaches
  11 goblins
  6 hobgoblins
  11 kobolds
  6 quokkas
  A ball python (D:1)
  A ball python skeleton (D:4)
  7 bats
  A frilled lizard (D:5)
  A jackal skeleton (D:5)
  A jackal zombie (D:6)
  A leopard gecko skeleton (D:4)
  2 quokka skeletons
  8 rats
  A spectral orc (D:9)
310 creatures vanquished.

Notes
Turn   | Place    | Note
-------+----------+-------------------------------------------
     0 | D:1      | Lanoc the Octopode Earth Elementalist began the quest for
                  | the Orb.
     0 | D:1      | Reached XP level 1. HP: 11/11 MP: 3/3
    67 | D:1      | Reached XP level 2. HP: 12/17 MP: 0/5
   163 | D:1      | Learned a level 2 spell: Passwall
   440 | D:1      | Reached XP level 3. HP: 21/21 MP: 6/6
   792 | D:2      | Reached XP level 4. HP: 13/27 MP: 0/7
  1050 | D:2      | Reached XP level 5. HP: 17/31 MP: 8/8
  1403 | D:3      | Reached skill level 5 in Earth Magic
  1904 | D:4      | Noticed Menkaure
  1909 | D:4      | Killed Menkaure
  1909 | D:4      | Reached XP level 6. HP: 20/36 MP: 3/9
  1915 | D:4      | Learned a level 4 spell: Petrify
  2259 | D:4      | Learned a level 1 spell: Apportation
  2377 | D:4      | Got a warped shortbow
  2378 | D:4      | Identified the +8 shortbow of the Asp {speed, Fragile rElec
                  | rF- MR+++} (You found it on level 4 of the Dungeon)
  2420 | D:4      | Reached skill level 1 in Bows
  2420 | D:4      | Reached XP level 7. HP: 31/41 MP: 0/10
  3280 | D:5      | Entered Level 5 of the Dungeon
  3282 | D:5      | Reached skill level 2 in Bows
  3489 | D:5      | Reached skill level 3 in Bows
  3590 | D:5      | Reached skill level 5 in Dodging
  3995 | D:6      | Reached skill level 4 in Bows
  4216 | D:6      | Reached XP level 8. HP: 46/46 MP: 11/11
  4323 | D:6      | Reached skill level 5 in Bows
  4914 | D:7      | Reached skill level 6 in Bows
  4948 | D:7      | Found a blossoming altar of Fedhas.
  4991 | D:7      | Noticed a hippogriff
  4999 | D:7      | Killed a hippogriff
  4999 | D:7      | Reached skill level 7 in Bows
  4999 | D:7      | Reached XP level 9. HP: 29/51 MP: 12/12
  5357 | D:7      | Found a staircase to the Ecumenical Temple.
  5363 | Temple   | Entered the Ecumenical Temple
  5529 | Temple   | Became a worshipper of Warmaster Okawaru
  5813 | D:8      | Reached skill level 8 in Bows
  6075 | D:8      | Found a glowing golden altar of the Shining One.
  6078 | D:8      | Found a shimmering blue altar of Sif Muna.
  6105 | D:8      | Noticed a moth of wrath
  6108 | D:8      | Found a bloodstained altar of Trog.
  6296 | D:8      | Noticed Gastronok
  6329 | D:8      | Killed Gastronok
  6329 | D:8      | Reached * piety under Okawaru
  6329 | D:8      | Reached ** piety under Okawaru
  6329 | D:8      | Reached *** piety under Okawaru
  6329 | D:8      | Received a gift from Okawaru
  6329 | D:8      | Reached skill level 10 in Bows
  6329 | D:8      | Reached XP level 10. HP: 20/56 MP: 13/13
  6784 | D:8      | Reached **** piety under Okawaru
  6892 | D:8      | Received a gift from Okawaru
  7234 | D:9      | Reached skill level 11 in Bows
  7295 | D:9      | Found a staircase to the Orcish Mines.
  7526 | D:9      | Found a shattered altar of Ashenzari.
  7608 | D:9      | Found a basalt altar of Yredelemnul.
  7969 | D:10     | Entered Level 10 of the Dungeon
  7999 | D:10     | Found a staircase to the Lair.
  8743 | D:11     | Noticed a two-headed ogre
  8758 | D:11     | Killed a two-headed ogre
  8758 | D:11     | Received a gift from Okawaru
  8758 | D:11     | Reached XP level 11. HP: 48/61 MP: 14/14
  8860 | D:11     | Reached skill level 12 in Bows
  8934 | D:11     | Reached skill level 10 in Dodging
  9001 | D:11     | Reached ***** piety under Okawaru
  9059 | D:11     | Noticed a two-headed hydra
  9073 | D:11     | Killed a two-headed hydra
  9073 | D:11     | Received a gift from Okawaru
  9114 | D:11     | Noticed a brown ugly thing
  9122 | D:11     | Killed a brown ugly thing
  9223 | D:11     | Reached skill level 13 in Bows
  9226 | D:11     | Noticed a two-headed ogre
  9234 | D:11     | Killed a two-headed ogre
  9234 | D:11     | Received a gift from Okawaru
  9334 | D:11     | Found a shadowy altar of Dithmenos.
  9343 | D:11     | Received a gift from Okawaru
  9347 | D:11     | Got a crystal executioner's axe {god gift}
  9355 | D:11     | Identified the +1 executioner's axe "Toes" {venom, *Noise
                  | rF+ Dex+4} (Okawaru gifted it to you on level 11 of the
                  | Dungeon)
  9418 | D:11     | Noticed a cyclops
  9425 | D:11     | Killed a cyclops
  9706 | D:11     | Found a roughly hewn altar of Beogh.
  9768 | D:11     | Reached XP level 12. HP: 63/66 MP: 15/15
  9909 | D:11     | Reached skill level 14 in Bows
 10082 | D:11     | Found a bloodstained altar of Trog.
 10702 | D:12     | You fall into a shaft and drop 1 floor!
 10831 | D:13     | Noticed Frances
 11087 | D:13     | Found a roughly hewn altar of Beogh.
 11123 | D:13     | Noticed a sun demon
 11127 | D:13     | Killed Frances
 11127 | D:13     | Received a gift from Okawaru
 11279 | D:13     | Found a runed translucent door.
 11281 | D:13     | Noticed Lanoc's ghost (journeyman NaBe)
 11321 | D:13     | Slain by a freezing wraith

Levels and vault maps discovered:
D:1:      sevenhm_arrival_forest_fort_small_5, layout_loops_ring,
          minmay_stone_trees_small
D:2:      layout_basic
D:3:      layout_basic
D:4:      layout_basic, uniq_menkaure
D:5:      layout_loops_cross, first_ration, minmay_misc_feat_pillars
D:6:      layout_rooms, serial_co_window_serial, co_window_corner_a,
          co_window_paths_a, co_window_corner_a, co_window_corner_a,
          co_window_corner_a, co_window_paths_a, co_window_broadway_a,
          co_window_of_opportunity_b, co_window_cross_3, co_window_broadway_c,
          co_window_paths_c, glass_columns_c, glass_columns_c
D:7:      layout_cave_pools, minmay_temple_entry_wispy, fedhas_altar_1
D:8:      layout_loops_cross, minitemple, tgw_trog, uniq_gastronok
D:9:      layout_roguey, yredelemnul_forgotten_temple_becter, marbit_many_paths,
          david_orc_4
D:10:     layout_grid_maze, lair_entry_dummy
D:11:     layout_basic, basic_altar, special_room [special_room_orc],
          hangedman_ranch [blue_anna_fruit_fields], kennysheep_diamond,
          grunt_dithmenos_shadows
D:12:     layout_rooms, st_stairs_9, kennysheep_dice
D:13:     layout_roguey [special_room_orc], ebering_ghost_inner_flame,
          uniq_frances
Temple:   dpeg_five_rooms_temple

Skill      XL: |  1  2  3  4  5  6  7  8  9 10 11 12 |
---------------+-------------------------------------+-----
Earth Magic    | 4 5 6 |  6.3
Dodging        | 3 4 5 6 8 9 11 12 | 12.7
Bows           | 1 4 7 10 11 13 14 | 14.0
Stealth        | |  2.6
Spellcasting   | |  2.0
Transmutations | |  1.0

Action                   |  1- 3 |  4- 6 |  7- 9 | 10-12 || total
-------------------------+-------+-------+-------+-------++-------
Melee: Unarmed           |    49 |    76 |       |       ||   125
       Constrict         |    17 |    20 |       |       ||    37
       Tentacles         |    10 |    20 |       |       ||    30
       Dagger            |       |     3 |       |       ||     3
 Fire: Shortbow          |       |       |   274 |   834 ||  1108
Throw: Stone             |       |     1 |     3 |       ||     4
 Cast: Sandblast         |    31 |    46 |    34 |       ||   111
Evoke: Wand              |       |       |       |     1 ||     1
  Use: Scroll            |     4 |     1 |       |    17 ||    22
       Potion            |       |       |     4 |     1 ||     5
 Stab: Sleeping          |     4 |     9 |       |       ||    13
       Distracted        |       |     1 |       |       ||     1
  Eat: Chunk             |       |     6 |    11 |    11 ||    28
       Ration            |       |       |       |     1 ||     1
Armor: Skin              |     8 |     8 |     6 |     7 ||    29
Dodge: Dodged            |    69 |    55 |    28 |    93 ||   245
